 Dungeon Crawl Stone Soup version 0.23.0 (webtiles) character file.

Game seed: 554650821007460519

129 zishaf the Chiller (level 4, -1/36 HPs)
             Began as a Draconian Ice Elementalist on Feb 17, 2019.
             Slain by a gnoll
             ... wielding a +2 antimagic spear
              (8 damage)
             ... on level 2 of the Dungeon on Feb 18, 2019.
             The game lasted 00:07:28 (2520 turns).

zishaf the Chiller (Draconian Ice Elementalist)     Turns: 2520, Time: 00:07:29

Health: -1/36      AC:  6    Str: 10    XL:     4   Next: 88%
Magic:  0/8        EV: 13    Int: 16    God:
Gold:   100        SH:  0    Dex: 12    Spells: 5/8 levels left

rFire    . . .     SeeInvis .   d - +0 short sword
rCold    . . .     Gourm    .   (no shield)
rNeg     . . .     Faith    .   (armour unavailable)
rPois    .         Spirit   .   (helmet restricted)
rElec    .         Reflect  .   e - +0 cloak (curse)
rCorr    .         Harm     .   (no gloves)
MR       .....                  (no boots)
Stlth    ++........             (no amulet)
HPRegen  0.12/turn              (no ring)
MPRegen  0.11/turn              (no ring)

@: very slightly contaminated
A: unfitting armour, cold-blooded, AC +5
a: no special abilities


You were on level 2 of the Dungeon.
You were very hungry.

You visited 1 branch of the dungeon, and saw 2 of its levels.

You collected 100 gold pieces.

Inventory:

Hand Weapons
 d - a +0 short sword (weapon)
Missiles
 c - 3 large rocks
 h - 47 stones (quivered)
 o - 2 tomahawks
Armour
 e - a cursed +0 cloak (worn)
Scrolls
 a - 4 scrolls of identify {unknown}
 j - 2 scrolls of remove curse {unknown}
 k - a scroll of random uselessness {unknown}
 m - a scroll of teleportation {unknown}
 n - a scroll of blinking {unknown}
Potions
 f - a potion of cancellation {unknown}
 g - a potion of invisibility {unknown}
 i - a potion of curing {unknown}
 p - a potion of degeneration {unknown}
Comestibles
 b - 3 rations


   Skills:
 + Level 1.7 Fighting
 + Level 2.6 Dodging
 - Level 2.1 Stealth
 + Level 2.7 Spellcasting
 + Level 2.0 Conjurations
 + Level 3.6 Ice Magic


You had 5 spell levels left.
You knew the following spells:

 Your Spells              Type           Power        Failure   Level  Hunger
a - Freeze                Ice            ##..         4%          1    #......
b - Throw Frost           Conj/Ice       ##....       9%          2    ##.....

Your spell library contained the following spells:

 Spells                   Type           Power        Failure   Level  Hunger
 Ozocubu's Armour         Chrm/Ice       #.......     26%         3    ###....
 Throw Icicle             Conj/Ice       ##......     52%         4    #####..
 Summon Ice Beast         Ice/Summ       #.......     65%         4    #####..


Dungeon Overview and Level Annotations

Branches:
Dungeon (2/15)

Altars:


Innate Abilities, Weirdness & Mutations

Your plain brown scales are hard. (AC +5)
You cannot fit into any form of body armour.
You are cold-blooded and may be slowed by cold attacks.


Message History

The gnoll closely misses you.
You hit the gnoll.
The gnoll is severely wounded.
The gnoll barely misses you.
You hit the gnoll.
The gnoll is severely wounded.
The gnoll hits you but does no damage.
You barely miss the gnoll.
The gnoll is severely wounded.
The gnoll hits you with a +2 antimagic spear!
* * * LOW HITPOINT WARNING * * *
You feel your power leaking away. The gnoll barely misses you.
Casting: Freeze (safe; 4% risk of failure)
Confirm with . or Enter, or press ? or * to list all spells.
You don't have enough magic to cast that spell.
You hit the gnoll but do no damage.
The gnoll is severely wounded.
The gnoll hits you with a +2 antimagic spear!
You die...

% ...
#########################.....
................@g............
.).........###########.##.....
######.##..# #.# ...
######.##..## ... #
g......##...# ...#
#########.#.## ....# #....#
....# ############.## ###+##
...........#..#


You could see a gnoll.

Vanquished Creatures
  A worker ant (D:2)
  3 gnolls (D:2)
  An adder (D:2)
  An ooze (D:2)
  2 worms (D:2)
  5 dart slugs
  A leopard gecko (D:1)
  A ball python (D:1)
  5 bats
  2 giant cockroaches
  4 hobgoblins
  3 kobolds
  2 quokkas (D:2)
  3 frilled lizards
  8 goblins
  6 rats
48 creatures vanquished.

Notes
Turn   | Place    | Note
-------+----------+-------------------------------------------
     0 | D:1      | zishaf the Draconian Ice Elementalist began the quest for
                  | the Orb.
     0 | D:1      | Reached XP level 1. HP: 14/14 MP: 3/3
   388 | D:1      | Reached XP level 2. HP: 20/20 MP: 5/5
   545 | D:1      | Learned a level 2 spell: Throw Frost
  1067 | D:1      | Reached XP level 3. HP: 27/27 MP: 3/6
  1612 | D:2      | Reached skill level 1 in Fighting
  1833 | D:2      | Reached XP level 4. HP: 31/35 MP: 0/7
  2520 | D:2      | Slain by a gnoll

Skill      XL: |  1  2  3  4 |
---------------+-------------+-----
Stealth        | 2 |  2.1
Dodging        | 2 |  2.6
Fighting       | 1 |  1.7
Conjurations   | 2 |  2.0
Spellcasting   | |  2.7
Ice Magic      | |  3.6

Action                   |  1- 3 |  4- 6 || total
-------------------------+-------+-------++-------
Melee: Short sword       |    35 |    22 ||    57
       Tailslap          |     6 |     1 ||     7
 Cast: Freeze            |    43 |    34 ||    77
       Throw Frost       |     5 |       ||     5
 Stab: Sleeping          |     1 |       ||     1
  Eat: Chunk             |     3 |     2 ||     5
Armor: Skin              |    14 |     8 ||    22
Dodge: Dodged            |    43 |    29 ||    72
